Map: Blackburn LE

Players

HopkinBobkin - Winner!

  • Race: Zerg Zerg
  • League: Platinum

DEHAKA

  • Race: Zerg Zerg
  • League: Diamond

VOD

Have the link to the VOD?

Description

Time

  • Played on: July 7, 2021, 4:47 a.m.
  • Length: 4:30
Show
View Real Time Build Order
Export as new Build Order

HopkinBobkin Zerg - Winner!

Build Orders: Hatch First, Zergling Baneling 

Get SALT Encoding   

  12  0:00  Drone  
  13  0:12  Overlord  
  13  0:17  Drone  
  15  0:35  Drone x2  
  16  0:52  Hatchery  
  16  0:56  Drone  
  16  0:58  Drone  
  16  1:02  Extractor  
  16  1:16  Spawning Pool  
  16  1:18  Drone  
  16  1:21  Drone  
  17  1:27  Drone  
  17  1:30  Drone  
  19  1:46  Overlord  
  19  2:03  Zergling x4  
  19  2:05  Zergling x2  
  19  2:07  Queen  
  24  2:09  Queen  
  24  2:13  Metabolic Boost  
  26  2:17  Zergling x2  
  26  2:20  Zergling x2  
  28  2:35  Zergling x2  
  28  2:36  Zergling x4  
  24  2:55  Zergling x6  
  27  3:01  Baneling Nest, Zergling x4  
  28  3:09  Overlord  
  28  3:11  Zergling x2  
  29  3:19  Zergling x2  
  30  3:20  Zergling x2  
  31  3:35  Zergling x6  
  31  3:40  Zergling x2  
  35  3:54  Baneling x4  
  35  3:55  Baneling x2  
  35  3:56  Baneling  
  35  4:02  Baneling  
  35  4:03  Baneling  
  35  4:06  Zergling x2  
Show
View Real Time Build Order
Export as new Build Order

DEHAKA Zerg 

Build Orders: Pool First 

Get SALT Encoding   

  12  0:01  Drone  
  13  0:12  Overlord  
  13  0:17  Drone  
  14  0:30  Drone x2  
  16  0:41  Spawning Pool  
  15  0:44  Drone  
  15  0:47  Drone  
  18  1:04  Drone  
  18  1:12  Hatchery  
  18  1:17  Extractor  
  16  1:28  Zergling x6  
  16  1:32  Queen  
  21  1:50  Overlord  
  21  1:52  Drone  
  22  2:07  Queen  
  24  2:12  Drone x2  
  25  2:37  Drone x2  
  25  2:38  Drone x2  
  25  2:39  Queen  
  25  2:41  Drone x3  
  32  2:59  Overlord  
  32  3:00  Metabolic Boost  
  32  3:02  Drone  
  32  3:03  Drone x2  
  35  3:08  Overlord  
  35  3:10  Drone  
  36  3:25  Drone x2  
  38  3:28  Drone x4  
  38  3:29  Drone x2  
  38  3:31  Extractor  
  38  3:32  Extractor  
  42  3:41  Drone x2  
  42  3:45  Drone x2  
  46  3:49  Extractor  
  45  3:56  Drone  
  45  3:57  Drone  
  45  3:58  Drone x2  
  49  4:05  Evolution Chamber  
  49  4:06  Evolution Chamber x2  
  46  4:10  Zergling x10  
Tags
 
Add a new tag
Caveats
  • Supply blocks, unpowered buildings, or Contaminate may cause inaccurate times.
  • Supply counts are checked every 10 seconds.